 Dungeon Crawl Stone Soup version 0.23.2-1-ga50397a6bc (webtiles) character file.

Game seed: 12608618221734004694

810 Lennu the Shield-Bearer (level 8, -20/61 HPs)
             Began as a Formicid Fighter on Apr 25, 2019.
             Killed by the air
             ... invoked by Gastronok
              (35 damage)
             ... on level 9 of the Dungeon.
             The game lasted 00:11:07 (4791 turns).

Lennu the Shield-Bearer (Formicid Fighter)          Turns: 4791, Time: 00:11:08

Health: -20/61     AC:  7    Str: 21    XL:     8   Next: 15%
Magic:  8/8        EV:  9    Int:  9    God:
Gold:   188        SH: 10    Dex: 11    Spells: 7/7 levels left

rFire    + . .     SeeInvis +   h - +1 flail (venom)
rCold    . . .     Gourm    .   c - +0 shield
rNeg     . . .     Faith    .   l - +0 scale mail {rF+}
rPois    .         Spirit   .   (helmet unavailable)
rElec    .         Reflect  .   (no cloak)
rCorr    .         Harm     .   (no gloves)
MR       .....                  (no boots)
Stlth    ..........             (no amulet)
HPRegen  0.20/turn              (no ring)
MPRegen  0.11/turn              (no ring)

@: no status effects
A: permanent stasis, dig shafts and tunnels, four strong arms, antennae 3
a: Dig, Shaft Self


You were on level 9 of the Dungeon.
You were not hungry.

You visited 1 branch of the dungeon, and saw 7 of its levels.

You collected 188 gold pieces.

Inventory:

Hand Weapons
 d - a +0 mace of protection
 h - a +1 flail of venom (weapon)
Armour
 b - a +0 scale mail
 c - a +0 shield (worn)
 l - a +0 scale mail of fire resistance (worn)
Wands
 s - a wand of random effects (16)
Scrolls
 a - a scroll of blinking
 g - 3 scrolls of remove curse
 j - 3 scrolls of enchant weapon {unknown}
 m - a scroll of identify
 q - a scroll of enchant armour
 t - a scroll of noise {unknown}
Potions
 e - 2 potions of brilliance
 n - a potion of curing
 o - a potion of mutation
 r - a potion of ambrosia
Comestibles
 f - 8 rations
 i - 4 chunks of flesh


   Skills:
 * Level 4.6 Fighting
 * Level 5.4 Maces & Flails
 * Level 5.1 Armour
 * Level 2.3 Dodging
 - Level 0.1 Stealth
 * Level 6.0 Shields


You had 7 spell levels left.
You didn't know any spells.
Your spell library contained the following spells:

 Spells                   Type           Power        Failure   Level  Hunger
 Magic Dart               Conj           #...         89%         1    ##.....
 Call Imp                 Summ           #.......     96%         2    ###....
 Slow                     Hex            #.......     96%         2    ###....
 Conjure Flame            Conj/Fire      #.......     99%         3    ####...
 Mephitic Cloud           Conj/Pois/Air  #.......     99%         3    ####...
 Blink                    Tloc           Unusable     N/A         2    N/A

Dungeon Overview and Level Annotations

Branches:
Dungeon (5/15)
 Temple: D:4-7

Altars:
Ru
Vehumet
Xom

Annotations:
D:3 2 transporters, sallazang's ghost, amateur HOFi
D:9 Gastronok


Innate Abilities, Weirdness & Mutations

You cannot be hasted, slowed, berserked, paralysed or teleported.
You can dig through walls and to a lower floor.
Your four strong arms can wield two-handed weapons with a shield.
You have a pair of large antennae on your head. (SInv)


Message History

You hit Gastronok but do no damage.
Gastronok is lightly wounded.
Gastronok bites you!
You hit Gastronok.
Gastronok looks as sick as possible!
Gastronok is lightly wounded.
Gastronok gurgles, "A snack!
A snack!"
Gastronok bites you.
You sock Gastronok!
Gastronok looks as sick as possible!
Gastronok is moderately wounded.
You sock Gastronok!
Gastronok is moderately wounded.
Gastronok bites you!!
Ouch! That really hurt!
* * * LOW HITPOINT WARNING * * *
Gastronok's eyestalks quiver as he mumbles some strange words.
You feel a sudden, passing aversion to salt.
Gastronok waves his eye-stalks in wide circles.
The air twists around and strikes you!
Ouch! That really hurt!
You die...

#.# #.# #.#
#.# #.# #.#
#.#
#.######.#
#.....@..#
..........#
..........#
.........w#
.._.......#
.....######
..... #####


You could see Gastronok.

Vanquished Creatures
  A centaur (D:5)
  2 howler monkeys (D:4)
  A crimson imp (D:5)
  A bullfrog zombie (D:9)
  A quasit (D:9)
  A jelly (D:3)
  2 orc priests
  2 bullfrog skeletons (D:5)
  3 hounds
  2 orc wizards
  2 iguanas
  2 worker ants (D:5)
  4 adders
  An ooze (D:2)
  An adder skeleton (D:9)
  A worm (D:3)
  5 leopard geckos
  11 orcs
  A ball python (D:1)
  7 bats
  3 giant cockroaches
  4 goblins
  4 hobgoblins
  8 jackals
  2 quokkas
  7 frilled lizards
  A giant cockroach zombie (D:5)
  7 kobolds
  2 quokka skeletons
  6 rats
95 creatures vanquished.

Vanquished Creatures (others)
  A hound (D:5)
1 creature vanquished.

Grand Total: 96 creatures vanquished

Notes
Turn   | Place    | Note
-------+----------+-------------------------------------------
     0 | D:1      | Lennu the Formicid Fighter began the quest for the Orb.
     0 | D:1      | Reached XP level 1. HP: 18/18 MP: 1/1
    99 | D:1      | Reached XP level 2. HP: 21/24 MP: 2/2
   465 | D:1      | Reached skill level 4 in Shields
  1019 | D:2      | Reached XP level 3. HP: 23/30 MP: 3/3
  1885 | D:2      | Reached skill level 1 in Dodging
  1894 | D:2      | Reached XP level 4. HP: 32/37 MP: 4/4
  2170 | D:3      | Found a transporter.
  2172 | D:3      | Noticed sallazang's ghost (amateur HOFi)
  2173 | D:3      | Found a transporter.
  2173 | D:3      | Noticed a hungry ghost
  2510 | D:3      | Reached XP level 5. HP: 37/42 MP: 5/5
  2558 | D:3      | Found a shimmering altar of Xom.
  3089 | D:4      | Reached skill level 5 in Shields
  3089 | D:4      | Reached XP level 6. HP: 48/48 MP: 6/6
  3934 | D:5      | Entered Level 5 of the Dungeon
  3951 | D:5      | Reached XP level 7. HP: 43/54 MP: 7/7
  3952 | D:5      | Found a radiant altar of Vehumet.
  4220 | D:5      | Reached skill level 5 in Maces & Flails
  4577 | D:5      | You fall through a shaft for 3 floors!
  4585 | D:8      | You fall through a shaft!
  4594 | D:9      | Reached XP level 8. HP: 50/61 MP: 8/8
  4597 | D:9      | Reached skill level 5 in Armour
  4623 | D:9      | Reached skill level 6 in Shields
  4775 | D:9      | Noticed Gastronok
  4777 | D:9      | Found a sacrificial altar of Ru.
  4791 | D:9      | Killed from afar by Gastronok

Skill      XL: |  1  2  3  4  5  6  7  8 |
---------------+-------------------------+-----
Shields        | 4 5 6 |  6.0
Dodging        | 1 2 |  2.3
Armour         | 4 5 |  5.1
Fighting       | 4 |  4.6
Maces & Flails | 3 4 5 |  5.4
Stealth        | |  0.1

Action                   |  1- 3 |  4- 6 |  7- 9 || total
-------------------------+-------+-------+-------++-------
Melee: Flail             |   125 |   147 |    89 ||   361
 Abil: Shaft Self        |       |       |     1 ||     1
  Use: Potion            |       |     6 |     4 ||    10
       Scroll            |       |     9 |       ||     9
 Stab: Invisible         |       |       |     2 ||     2
  Eat: Chunk             |     3 |     5 |     2 ||    10
       Ration            |       |     1 |       ||     1
Armor: Scale mail        |    56 |    53 |    42 ||   151
       Skin              |       |    10 |       ||    10
Dodge: Dodged            |    46 |    46 |    52 ||   144
Block: Shield            |    87 |   100 |    64 ||   251
